 Dungeon Crawl Stone Soup version 0.29-a0-82-g837932c90e (webtiles) character file.

Game seed: 4207675692344571212

31150 testman the Fighter (level 13, -7/103 HPs)
             Began as a Djinni Fire Elementalist on Feb 4, 2022.
             Was the Champion of Dithmenos.
             Mangled by a tengu warrior (16 damage)
             ... on level 13 of the Dungeon.
             The game lasted 01:54:22 (20568 turns).

testman the Fighter (Djinni Fire Elementalist)     Turns: 20568, Time: 01:54:22

Health: -7/103     AC: 15    Str:  7    XL:     13   Next: 94%
Gold:   848        EV: 14    Int: 21    God:    Dithmenos [******] SH:  0 Dex: 21

rFire   + + +      SeeInvis .   h - +2 dagger (vamp)
rCold   x x .      Faith    +   (no shield)
rNeg    . . .      Spirit   .   Q - +4 ring mail of Calculation {rElec rF+ rC- Dex+6}
rPois   ∞          Reflect  .   m - +1 helmet
rElec   +          Harm     .   p - +2 cloak
rCorr   .          Rampage  .   X - +0 pair of gloves
Will    +....                   (boots unavailable)
Stlth   ++........              e - amulet of faith
HPRegen 0.27/turn               G - ring of fire
MPRegen 0.00/turn               z - ring of ice

@: flying, wreathed by umbra
A: sickness immunity, fire resistance 2, cold vulnerability 1, float, innate
caster, HP casting, extra vitality 1
a: Renounce Religion, Shadow Step, Shadow Form


You were on level 13 of the Dungeon.
You worshipped Dithmenos.
Dithmenos was exalted by your worship.
You visited 1 branch of the dungeon, and saw 13 of its levels.
You also visited: Ossuary and Bailey.

You collected 1152 gold pieces.
You spent 304 gold pieces at shops.

Inventory:

Hand Weapons
 g - a +0 whip
 h - a +2 vampiric dagger (weapon)
Missiles
 d - 26 poisoned darts
 f - 50 sling bullets
 j - 386 stones
 w - 3 throwing nets
 M - 14 boomerangs
 O - 2 curare-tipped darts
 P - 4 javelins
 T - 2 boomerangs of dispersal
 W - 6 datura-tipped darts
Armour
 m - a +1 helmet (worn)
 p - a +2 cloak (worn)
 N - a +1 troll leather armour
 Q - the +4 ring mail of Calculation (worn) {rElec rF+ rC- Dex+6}
   (You found it on level 10 of the Dungeon)

   Dex:       It affects your dexterity (+6).
   rF:        It protects you from fire.
   rC:        It makes you vulnerable to cold.
   rElec:     It insulates you from electricity.
 R - the +1 robe of Cory {*Corrode rF+ SInv}
   (You found it on level 10 of the Dungeon)

   rF:        It protects you from fire.
   SInv:      It lets you see invisible.
   *Corrode:  It may corrode you when you take damage.
 X - a +0 pair of gloves (worn)
Jewellery
 e - an amulet of faith (around neck)
 l - a +4 ring of protection
 q - a +4 ring of protection
 z - a ring of ice (right hand)
 G - a ring of fire (left hand)
 U - a ring of see invisible
 V - a +6 ring of dexterity
Wands
 x - a wand of paralysis (2)
 H - a wand of iceblast (6)
 J - a wand of flame (11)
 K - a wand of acid (7)
 L - a wand of polymorph (22)
Scrolls
 a - 6 scrolls of identify
 b - 2 scrolls of fear
 i - a scroll of holy word
 k - 2 scrolls of blinking
 n - 3 scrolls of fog {unknown}
 r - a scroll of summoning {unknown}
 s - a scroll of enchant weapon {unknown}
 y - a scroll of acquirement {unknown}
 A - 3 scrolls of teleportation
 F - 3 scrolls of noise {unknown}
 S - a scroll of immolation {unknown}
Potions
 c - a potion of lignification
 o - 8 potions of curing
 t - 3 potions of heal wounds
 u - 3 potions of resistance
 v - 4 potions of ambrosia
 B - 6 potions of haste
 C - 3 potions of brilliance
 D - 2 potions of might
 E - a potion of mutation
 I - 2 potions of invisibility


   Skills:
 + Level 13.6 Fighting
 - Level 2.0 Short Blades
 + Level 8.2 Dodging
 - Level 1.5 Stealth
 + Level 11.0 Spellcasting
 + Level 9.6 Invocations


You had 3 spell levels left.
You knew the following spells:

 Your Spells              Type           Power      Damage    Failure   Level
a - Foxfire               Conj/Fire      100%       2x1d9     1%          1
b - Scorch                Fire           100%       2d10      1%          2
c - Conjure Flame         Conj/Fire      72%        6-21      1%          3
d - Inner Flame           Hex/Fire       72%        N/A       1%          3
e - Flame Wave            Conj/Fire      72%        2d13      2%          4
f - Beastly Appendage     Tmut           100%       N/A       1%          1
g - Static Discharge      Conj/Air       55%        N/A       1%          2
h - Confusing Touch       Hex            55%        N/A       1%          3
i - Gell's Gravitas       Tloc           55%        N/A       1%          3
j - Ice Form              Ice/Tmut       72%        N/A       2%          4
k - Fireball              Conj/Fire      36%        3d15      6%          5
Your spell library was empty.

Dungeon Overview and Level Annotations

Branches:
Dungeon (13/15)            Temple (0/1) D:5            Lair (0/6) D:8
    Orc (0/2) D:9         Ossuary (visited)          Bailey (visited)
 Vaults: D:13-14

Altars:
Dithmenos
Fedhas
Hepliaklqana
Qazlal
Ru
Uskayaw
Zin

Shops:
D:4 (   D:12 ?

Annotations:
D:3 2 transporters, TheWeeknd's ghost, amateur DsBe


Innate Abilities, Weirdness & Mutations

You are immune to sickness and miasma.
You are immune to poison.
Your flesh is very heat resistant. (rF++)
You are vulnerable to cold. (rC-)
You float through the air rather than walking.
You learn spells naturally, not from books.
Your magical power is your life essence.
You have superior vitality. (+4 MHP)


Message History

Your shadow hits the slime creature with a dagger.
The slime creature is engulfed in blazing flames.
The slime creature hits you.
You hit the slime creature.
You kill the slime creature!
Dithmenos accepts your kill.
Casting: Scorch (safe; 1% risk of failure)
Confirm with . or Enter, or press ? or * to list all spells.
Aiming: Gell's Gravitas (safe; 1% risk of failure)
Press: ? - help, Dir - move target, f - tengu warrior
Aim: a tengu warrior, wielding a +0 bardiche and wearing a +0 ring mail (umbra)
Okay, then.
Casting: Gell's Gravitas (safe; 1% risk of failure)
Confirm with . or Enter, or press ? or * to list all spells.
You feel a surge of power!
Flames lash the large slime creature.
The large slime creature is lightly wounded.
The large slime creature's fire resistance burns away.
You hit the large slime creature.
You feel better.
The large slime creature is lightly wounded.
The large slime creature is engulfed in blazing flames.
The large slime creature hits you.
The tengu warrior hits you from afar with a +0 bardiche!
You hit the large slime creature.
You feel better.
The large slime creature is moderately wounded.
Your shadow hits the large slime creature with a dagger.
The large slime creature is engulfed in blazing flames.
The large slime creature completely misses you.
The tengu warrior hits you from afar with a +0 bardiche!
Casting: Scorch (safe; 1% risk of failure)
Confirm with . or Enter, or press ? or * to list all spells.
You feel a surge of power!
Flames lash the tengu warrior.
The tengu warrior is lightly wounded.
The tengu warrior's fire resistance burns away.
* * * LOW HITPOINT WARNING * * *
The large slime creature is engulfed in blazing flames.
The large slime creature hits you!!
* * * LOW HITPOINT WARNING * * *
You emit a cloud of dark smoke.
The tengu warrior hits you from afar with a +0 bardiche!
You die...

##...#..#.####.
##.###...#...... #.##
##..#.##### #.# #..#.# ##
#.## ##.##.# ##. #
##.###..##.###.. #.
##.....##.##...
#..##########.......#....
#...).QJ@§§.........'....
#..#.########....####....
#. #.# #.#.######... J.
..# #.### #...... .. #..#
#.#####.####. ## #..#
#.....#.# ## #..#
#####.#.# ##♣ #..#
#.#.###PP #.#....♣.


You could see a large slime creature (combustible) and a tengu warrior
(combustible).

Vanquished Creatures
  Gastronok (D:11)
  2 boulder beetles (D:12)
  2 vault guards (Bailey)
  2 hydras (D:12)
  5 two-headed ogres
  Urug (D:10)
  2 orc knights (D:12)
  Pikel (D:6)
  3 ugly things
  3 manticores (D:12)
  3 cyclopes (D:12)
  2 gargoyles (D:12)
  4 unseen horrors
  4 komodo dragons
  3 kobold demonologists
  10 trolls
  A hornet (D:9)
  6 slime creatures
  Prince Ribbit (Bailey)
  A water elemental (D:13)
  2 wraiths
  11 yaks
  A shadow (D:12)
  Eustachio (D:4)
  2 basilisks
  2 wyverns
  4 humans (Bailey)
  3 steam dragons
  A vampire mosquito (D:12)
  Edmund (D:6)
  3 acid dragons
  2 water moccasins (D:9)
  Duvessa (D:7)
  9 orc warriors
  The ghost of enile the Ducker, an amateur FeWn of Gozag (D:6)
  5 ice beasts
  3 sky beasts
  2 black bears
  2 necrophages
  4 centaurs
  2 ogres
  4 lemures
  A phantom (D:4)
  4 kobold brigands
  15 bullfrogs
  A scorpion (D:4)
  A wyvern zombie (D:8)
  A gnoll sergeant (D:12)
  A water moccasin skeleton (D:7)
  Dowan (D:7)
  8 wights
  5 howler monkeys (D:12)
  3 electric eels (D:12)
  A jelly (D:6)
  A bullfrog zombie (D:6)
  3 centaur zombies
  A bullfrog skeleton (D:5)
  5 orc priests
  Crazy Yiuf (D:4)
  A centaur skeleton (D:7)
  A gnoll shaman (D:5)
  3 hounds
  3 iguanas
  14 orc wizards
  A bullfrog simulacrum (D:6)
  2 centaur simulacra (D:6)
  2 hound skeletons (D:4)
  Robin (D:3)
  A howler monkey zombie (D:7)
  8 mummies (Ossuary)
  10 gnolls
  14 adders
  3 shadow imps
  7 white imps
  2 ufetubi
  5 worms
  6 dart slugs
  40 orcs
  11 bats
  5 endoplasms
  8 giant cockroaches
  18 goblins
  10 hobgoblins
  8 jackals (D:5)
  2 quokkas
  12 ball pythons
  6 frilled lizards
  3 gnoll zombies (Ossuary)
  2 hobgoblin zombies (Ossuary)
  A jackal skeleton (D:4)
  24 kobolds
  2 kobold zombies (Ossuary)
  An orc zombie (Ossuary)
  7 rats
420 creatures vanquished.

Vanquished Creatures (others)
  340 foxfires
  A fungus (D:3)
  33 plants
374 creatures vanquished.

Grand Total: 794 creatures vanquished

Notes
Turn   | Place    | Note
-------+----------+-------------------------------------------
     0 | D:1      | testman the Djinni Fire Elementalist began the quest for
                  | the Orb.
     0 | D:1      | Reached XP level 1. HP: 15/15 MP: 0/0
   263 | D:1      | Reached skill level 1 in Fighting
   263 | D:1      | Reached XP level 2. HP: 17/22 MP: 0/0
   956 | D:1      | Reached XP level 3. HP: 22/27 MP: 0/0
   956 | D:1      | Learned a level 1 spell: Beastly Appendage
  1382 | D:2      | Reached skill level 2 in Fighting
  1461 | D:2      | Reached XP level 4. HP: 28/33 MP: 0/0
  1979 | D:2      | Reached skill level 1 in Short Blades
  2392 | D:3      | Noticed Robin
  2393 | D:3      | Found a shadowy altar of Dithmenos.
  2422 | D:3      | Reached XP level 5. HP: 35/39 MP: 0/0
  2422 | D:3      | Learned a level 2 spell: Static Discharge
  2434 | D:3      | Killed Robin
  2674 | D:3      | Became a worshipper of Dithmenos the Shadowed
  2821 | D:3      | Found a faded altar of an unknown god.
  2957 | D:3      | Noticed TheWeeknd's ghost (amateur DsBe)
  2972 | D:3      | Found a transporter.
  2997 | D:3      | Found a transporter.
  2999 | D:3      | Noticed a +0 short sword
  2999 | D:3      | Noticed a +0 spear
  3000 | D:3      | Noticed a +0 short sword
  3000 | D:3      | Noticed a +0 spear
  3046 | D:3      | Noticed a +0 dagger
  3046 | D:3      | Noticed a +0 falchion
  3046 | D:3      | Noticed a +0 dagger
  3046 | D:3      | Noticed a +0 falchion
  3049 | D:3      | Found a hide-covered altar of Uskayaw.
  3228 | D:3      | Reached * piety under Dithmenos
  3683 | D:4      | Found a sacrificial altar of Ru.
  3683 | D:4      | Found a glowing silver altar of Zin.
  3683 | D:4      | Found a stormy altar of Qazlal.
  3691 | D:4      | Reached skill level 3 in Fighting
  3886 | D:4      | Noticed an ogre
  3943 | D:3      | Killed an ogre
  3944 | D:3      | Reached XP level 6. HP: 42/46 MP: 0/0
  4066 | D:4      | Noticed an ogre
  4069 | D:4      | Killed an ogre
  4070 | D:4      | Reached skill level 4 in Fighting
  4070 | D:4      | Reached XP level 7. HP: 47/52 MP: 0/0
  4070 | D:4      | Learned a level 3 spell: Confusing Touch
  4140 | D:4      | Noticed Eustachio
  4148 | D:4      | Killed Eustachio
  4340 | D:4      | Reached skill level 5 in Fighting
  4349 | D:4      | Reached ** piety under Dithmenos
  4350 | D:4      | Reached XP level 8. HP: 43/59 MP: 0/0
  4352 | D:4      | Found Mukar's Weapon Shoppe.
  4695 | D:4      | Found a runed translucent door.
  4696 | D:4      | Noticed Crazy Yiuf
  4702 | D:4      | Killed Crazy Yiuf
  4703 | D:4      | Reached skill level 5 in Spellcasting
  5283 | D:5      | Entered Level 5 of the Dungeon
  5292 | D:5      | Reached skill level 6 in Fighting
  5635 | D:5      | Reached *** piety under Dithmenos
  5642 | D:5      | Found a staircase to the Ecumenical Temple.
  6225 | D:5      | Reached XP level 9. HP: 50/67 MP: 0/0
  6225 | D:5      | Learned a level 3 spell: Gell's Gravitas
  6233 | D:5      | Reached skill level 7 in Fighting
  6636 | D:6      | Noticed Pikel
  6756 | D:6      | Noticed Edmund
  6762 | D:6      | Found a sand-covered staircase.
  6769 | Ossuary  | Entered an ossuary
  7034 | Ossuary  | Reached **** piety under Dithmenos
  7183 | D:6      | Killed Edmund
  7184 | D:6      | Reached skill level 8 in Fighting
  7509 | D:6      | Found a runed translucent gate.
  7509 | D:6      | Found a runed translucent gate.
  7509 | D:6      | Found a runed translucent gate.
  7544 | D:6      | Noticed enile's ghost (amateur FeWn)
  7749 | D:6      | Killed enile's ghost
  8285 | D:6      | Killed Pikel
  8286 | D:6      | Reached skill level 9 in Fighting
  8286 | D:6      | Reached XP level 10. HP: 70/78 MP: 0/0
  9009 | D:7      | Noticed Duvessa
  9009 | D:7      | Noticed Dowan
  9018 | D:7      | Killed Duvessa
  9018 | D:7      | Killed Dowan
  9744 | D:7      | Noticed a cyan ugly thing
  9752 | D:7      | Killed a cyan ugly thing
  9753 | D:7      | Reached skill level 10 in Fighting
  9753 | D:7      | Reached skill level 1 in Invocations
 10124 | D:7      | Noticed a two-headed ogre
 10910 | D:7      | Killed a two-headed ogre
 10968 | D:7      | Reached XP level 11. HP: 76/86 MP: 0/0
 10968 | D:7      | Learned a level 4 spell: Ice Form
 11365 | D:7      | Found a blossoming altar of Fedhas.
 11931 | D:8      | Identified the amulet of Fasolae {Regen+ Int-4 Dex+3 SInv}
 12319 | D:8      | Found a hazy altar of Hepliaklqana.
 12495 | D:8      | Reached skill level 11 in Fighting
 12623 | D:8      | HP: 2/87 [wyvern (9)]
 12693 | D:8      | Found a staircase to the Lair.
 12802 | D:8      | Reached ***** piety under Dithmenos
 12826 | D:8      | Reached skill level 5 in Invocations
 12999 | D:9      | Noticed a two-headed ogre
 13118 | D:9      | Found a flagged portal.
 13134 | Bailey   | Entered a bailey
 13306 | Bailey   | Noticed a vault guard
 13325 | Bailey   | Killed a vault guard
 13356 | Bailey   | Noticed a vault guard
 13356 | Bailey   | Noticed Prince Ribbit
 13365 | Bailey   | Killed Prince Ribbit
 13379 | Bailey   | Killed a vault guard
 13481 | D:9      | Found a staircase to the Orcish Mines.
 14025 | D:9      | Noticed a red ugly thing
 14092 | D:9      | Killed a red ugly thing
 14093 | D:9      | Reached XP level 12. HP: 69/95 MP: 0/0
 14098 | D:9      | Killed a two-headed ogre
 14114 | D:9      | Reached skill level 12 in Fighting
 14259 | D:10     | Entered Level 10 of the Dungeon
 14262 | D:10     | Noticed Urug
 14390 | D:10     | Killed Urug
 14503 | D:10     | Identified the +4 ring mail of Calculation {rElec rF+ rC-
                  | Dex+6}
 14638 | D:10     | Identified the +1 robe of Cory {*Corrode rF+ SInv}
 14802 | D:11     | Reached skill level 10 in Spellcasting
 14973 | D:11     | Reached ****** piety under Dithmenos
 14988 | D:11     | Noticed Gastronok
 15103 | D:11     | Killed Gastronok
 15104 | D:11     | Reached skill level 5 in Dodging
 16198 | D:12     | Found Fisaimu's Magic Scroll Shoppe.
 17058 | D:12     | Bought a scroll of fear for 56 gold pieces
 17058 | D:12     | Bought a scroll of blinking for 120 gold pieces
 17058 | D:12     | Bought a scroll of identify for 32 gold pieces
 17060 | D:12     | Bought a scroll of identify for 32 gold pieces
 17060 | D:12     | Bought a scroll of identify for 32 gold pieces
 17060 | D:12     | Bought a scroll of identify for 32 gold pieces
 17083 | D:12     | Noticed a two-headed ogre
 17089 | D:12     | Killed a two-headed ogre
 17089 | D:12     | Noticed a two-headed ogre
 17094 | D:12     | Killed a two-headed ogre
 17095 | D:12     | Reached XP level 13. HP: 80/102 MP: 0/0
 17095 | D:12     | Learned a level 5 spell: Fireball
 17431 | D:12     | Noticed a seven-headed hydra
 17441 | D:12     | Killed a seven-headed hydra
 17824 | D:12     | Noticed an eight-headed hydra
 17827 | D:12     | Killed an eight-headed hydra
 17828 | D:12     | Reached skill level 13 in Fighting
 17839 | D:12     | Noticed a boulder beetle
 17864 | D:12     | Killed a boulder beetle
 18728 | D:12     | Noticed a boulder beetle
 19717 | D:12     | Killed a boulder beetle
 20568 | D:13     | Mangled by a tengu warrior

Illustrated notes

Levels and vault maps discovered:
D:1:      tarquinn_simple_flora_water_f, layout_basic, nicolae_wormholes
D:2:      layout_loops_ring
D:3:      layout_loops_ring, nicolae_uskayaw_en_pointe, grunt_dithmenos_smoke,
          gammafunk_ghost_stat_death, shapermc_ecumenical_altar_rom_forum,
          serial_forest, infiniplex_forest_clump_large, infiniplex_forest_pool,
          infiniplex_forest_clump_diagonal, infiniplex_forest_straight_2,
          infiniplex_forest_lined_room_, infiniplex_forest_clump_curved,
          infiniplex_forest_lined_room_2, minmay_joined_circles, uniq_robin
D:4:      minmay_recursive_quarters, layout_basic,
          chequers_temple_overflow_statue_of_worship, serial_shops,
          nicolae_shop_bloodbath_and_beyond, minmay_between,
          uniq_crazy_yiuf_cottage, uniq_eustachio
D:5:      layout_loops_ring, minmay_temple_entry_wispy
D:6:      layout_gridville, nicolae_ossuary_entry_ruins, gammafunk_ghost_icy,
          serial_park_tiny_2, uniq_pikel, uniq_edmund
D:7:      layout_basic, fedhas_altar_fruit_tree, serial_rivers,
          chequers_serial_rivers_small_b, chequers_serial_rivers_micro_b,
          chequers_serial_rivers_micro_c, chequers_serial_rivers_micro_e,
          minmay_shattered_shrine, uniq_duvessa
D:8:      layout_loops_ring, mainiacjoe_overflow_surrounded_room,
          erik_lair_dragon, corner_web_ring
D:9:      kennysheep_ambush_hall, layout_gridville, david_orc_2, enter_bailey_4
D:10:     layout_cross, uniq_urug
D:11:     layout_long_grid, uniq_gastronok
D:12:     minmay_imperfect_grid, layout_rooms, serial_shops, shop_scrolls,
          serial_bayou_lagoon_b
D:13:     layout_loops_corners, skrybe_vaults_entry_preservation,
          serial_bayou_ford_a

Skill      XL: |  1  2  3  4  5  6  7  8  9 10 11 12 13 |
---------------+----------------------------------------+-----
Fighting       | 1 2 3 4 5 6 9 10 11 12 13 | 13.6
Spellcasting   | 3 4 6 7 8 9 10 11 | 11.0
Short Blades   | 1 2 |  2.0
Invocations    | 3 6 8 9 |  9.6
Dodging        | 6 8 |  8.2
Stealth        | |  1.5

Action                   |  1- 3 |  4- 6 |  7- 9 | 10-12 | 13-15 || total
-------------------------+-------+-------+-------+-------+-------++-------
Melee: Unarmed           |    14 |       |       |       |       ||    14
       Whip              |     7 |       |       |       |       ||     7
       Dagger            |     3 |    96 |    40 |    94 |    37 ||   270
       Punch             |       |     2 |       |     1 |     3 ||     6
       Headbutt          |       |       |       |     2 |       ||     2
Throw: Dart              |       |       |       |     1 |       ||     1
 Cast: Foxfire           |    29 |    12 |    70 |    73 |     5 ||   189
       Scorch            |     8 |    33 |    98 |   252 |    87 ||   478
       Flame Wave        |       |     1 |     9 |    10 |       ||    20
       Static Discharge  |       |     6 |    11 |     2 |       ||    19
       Beastly Appendage |       |     1 |       |     3 |     1 ||     5
       Inner Flame       |       |     1 |     7 |     9 |     1 ||    18
       Conjure Flame     |       |       |     4 |    19 |    13 ||    36
       Confusing Touch   |       |       |       |     7 |     3 ||    10
       Gell's Gravitas   |       |       |       |    19 |     3 ||    22
       Ice Form          |       |       |       |     1 |       ||     1
       Fireball          |       |       |       |       |    50 ||    50
Invok: Shadow Form       |       |       |       |     1 |       ||     1
  Use: Scroll            |       |       |     3 |    22 |       ||    25
       Potion            |       |       |       |     1 |     2 ||     3
 Stab: Sleeping          |     2 |     7 |     4 |     2 |       ||    15
       Confused          |       |       |       |     2 |       ||     2
       Distracted        |       |       |       |     1 |       ||     1
Armor: Robe              |     8 |    31 |    22 |    14 |       ||    75
       Troll leather arm |       |       |       |    34 |       ||    34
       Skin              |       |       |       |     1 |       ||     1
       Ring mail         |       |       |       |       |    27 ||    27
Dodge: Dodged            |    35 |    74 |    55 |   121 |    42 ||   327

Table legend: (Time is in decaauts)
 A = Elapsed time spent in this place.
 B = Non-inter-level travel time spent in this place.
 C = Inter-level travel time spent in this place.
 D = Time resting spent in this place.
 E = Time spent auto-exploring this place.
 F = Levels seen in this place.
 G = Mean time per level.
                   A        B        C        D        E       F      G
               +--------+--------+--------+--------+--------+-----+--------+
         Total |  20575 |  20220 |    355 |   8679 |   8325 |  15 | 1371.7 |
       Dungeon |  19888 |  19533 |    355 |   8383 |   8177 |  13 | 1529.8 |
       Ossuary |    402 |    402 |      0 |    217 |    107 |   1 |  402.0 |
        Bailey |    283 |    283 |      0 |     79 |     41 |   1 |  283.0 |
               +--------+--------+--------+--------+--------+-----+--------+

Top non-repeatable levels by time:
    D:11: 2591 daAuts
    D:12: 2568 daAuts
     D:6: 2248 daAuts
     D:7: 1935 daAuts
     D:5: 1667 daAuts
     D:8: 1499 daAuts
     D:4: 1478 daAuts
     D:3: 1415 daAuts
     D:1: 1326 daAuts
     D:9: 1094 daAuts
     D:2: 1057 daAuts
    D:10: 557 daAuts
    D:13: 448 daAuts
 Ossuary: 402 daAuts
  Bailey: 283 daAuts
